PUBA
JOHN'S ISLAND SOD POODLES @ SPRUCE GROVE EAGLES
04/11/1972
 
TOP OF THE 1ST
John's Island Sod Poodles batting - Pitching for Spruce Grove Eagles : RHP Ron Wright
Pitching: RHP Ron Wright
Batting: LHB John Milner 0-0: Foul Ball, location: 9LMF
0-1: Swinging Strike
0-2: Ball
1-2: Foul Ball, location: 7LSF
1-2: Fly out, F7 (Flyball, 78M, EV 93.1 MPH)
Batting: RHB Tom Price 0-0: Ball
1-0: Called Strike
1-1: Called Strike
1-2: Ball
2-2: SINGLE (Groundball, 34D, EV 96.9 MPH)
Batting: LHB Austin Williams 0-0: Swinging Strike
0-1: Swinging Strike
0-2: Strikes out swinging
Batting: RHB Steve Palmer 0-0: Ball
1-0: Ball
2-0: Called Strike
2-1: Foul Ball, location: 2F
2-2: Fly out, F5 (Popup, 15, EV 85.0 MPH)
Top of the 1st over - 0 runs, 1 hit, 0 errors, 1 left on base; John's Island 0 - Spruce Grove 0
BOTTOM OF THE 1ST
Spruce Grove Eagles batting - Pitching for John's Island Sod Poodles : RHP Donald Crane
Pitching: RHP Donald Crane
Batting: SHB Fernando Rodríguez 0-0: Ball
1-0: Ball
2-0: SOLO HOME RUN (Flyball, 9LD, EV 93.1 MPH), Distance : 348 ft
Batting: LHB Artie Harper 0-0: Called Strike
0-1: Ball
1-1: Ball
2-1: Foul Ball, location: 7LMF
2-2: Foul Ball, location: 2F
2-2: Ball
3-2: Foul Ball, location: 23F
3-2: Base on Balls
Batting: RHB Tom Paciorek 0-0: Ball
1-0: Called Strike
1-1: Fielders Choice at 2nd, 6-4 (Groundball, 6, EV 82.5 MPH)
Batting: LHB Jeff O'Neal 0-0: Called Strike
Pickoff Throw to First - Error! E1
Tom Paciorek to second
0-1: Foul Ball, location: 7LMF
0-2: Foul Ball, location: 7LDF
0-2: Ground out 4-3 (Groundball, 4D, EV 103.1 MPH)
Tom Paciorek to third
Batting: LHB Rick Miller 0-0: Called Strike
0-1: Foul Ball, location: 25F
0-2: Ball
1-2: Foul Ball, location: 2F
1-2: Fly out, F5 (Popup, 56S, EV 73.8 MPH)
Bottom of the 1st over - 1 run, 1 hit, 1 error, 1 left on base; John's Island 0 - Spruce Grove 1
TOP OF THE 2ND
John's Island Sod Poodles batting - Pitching for Spruce Grove Eagles : RHP Ron Wright
Batting: RHB Adam Wright 0-0: Swinging Strike
0-1: Swinging Strike
0-2: SINGLE (Line Drive, 34, EV 105.0 MPH)
Batting: RHB Bill Oglethorpe 0-0: Called Strike
0-1: Ball
1-1: Sac Bunt to P - play at first, batter OUT! 1-3
Adam Wright to second
Batting: RHB Bento Sardinheiro 0-0: Ball
1-0: Called Strike
1-1: Ball
2-1: Foul Ball, location: 2F
2-2: Strikes out swinging
Batting: RHB Craig Leslie 0-0: Called Strike
0-1: Ball
1-1: Foul Ball, location: 2F
1-2: Fly out, F4 (Popup, 34, EV 74.4 MPH)
Top of the 2nd over - 0 runs, 1 hit, 0 errors, 1 left on base; John's Island 0 - Spruce Grove 1
BOTTOM OF THE 2ND
Spruce Grove Eagles batting - Pitching for John's Island Sod Poodles : RHP Donald Crane
Batting: RHB Dennis Herrera 0-0: Ball
1-0: Ball
2-0: Ball
3-0: Called Strike
3-1: Swinging Strike
3-2: Strikes out swinging
Batting: RHB Frank Taveras 0-0: Ball
1-0: Called Strike
1-1: Foul Ball, location: 2LF
1-2: Fly out, F9 (Flyball, 9D, EV 105.6 MPH)
Batting: SHB Randy Harris 0-0: Ball
1-0: Ball
2-0: Called Strike
2-1: Fly out, F8 (Flyball, 8LM, EV 95.6 MPH)
Bottom of the 2nd over - 0 runs, 0 hits, 0 errors, 0 left on base; John's Island 0 - Spruce Grove 1
TOP OF THE 3RD
John's Island Sod Poodles batting - Pitching for Spruce Grove Eagles : RHP Ron Wright
Batting: RHB António Zumaya 0-0: Ball
1-0: SINGLE (Groundball, 34D, EV 109.4 MPH)
Batting: LHB John Milner 0-0: Ball
1-0: Bunt - Flyout to P! F1
Batting: RHB Tom Price 0-0: Ball
1-0: Foul Ball, location: 2F
1-1: Called Strike
1-2: Strikes out looking
Batting: LHB Austin Williams 0-0: Foul Ball, location: 5F
0-1: Ball
1-1: SINGLE (Flyball, 89S, EV 90.6 MPH)
António Zumaya to second
Runner from 2nd tries for 3rd, SAFE, throw by RF made to third
Batting: RHB Steve Palmer 0-0: Ball
1-0: Swinging Strike
1-1: Called Strike
1-2: Foul Ball, location: 2F
1-2: Strikes out swinging
Top of the 3rd over - 0 runs, 2 hits, 0 errors, 2 left on base; John's Island 0 - Spruce Grove 1
BOTTOM OF THE 3RD
Spruce Grove Eagles batting - Pitching for John's Island Sod Poodles : RHP Donald Crane
Batting: RHB Tony Bartlett 0-0: Ball
1-0: Foul Ball, location: 3FF
1-1: Foul Ball, location: 2F
1-2: Strikes out swinging
Batting: SHB Fernando Rodríguez 0-0: Ball
1-0: Ball
2-0: Called Strike
2-1: Ball
3-1: Fly out, F8 (Flyball, 78D, EV 110.6 MPH)
Batting: LHB Artie Harper 0-0: Ball
1-0: Foul Ball, location: 5DF
1-1: Foul Ball, location: 7LSF
1-2: Strikes out swinging
Bottom of the 3rd over - 0 runs, 0 hits, 0 errors, 0 left on base; John's Island 0 - Spruce Grove 1
TOP OF THE 4TH
John's Island Sod Poodles batting - Pitching for Spruce Grove Eagles : RHP Ron Wright
Batting: RHB Adam Wright 0-0: Swinging Strike
0-1: Swinging Strike
0-2: Ball
1-2: Ground out 5-3 (Groundball, 56S, EV 89.4 MPH)
Batting: RHB Bill Oglethorpe 0-0: Ball
1-0: Called Strike
1-1: Fly out, F9 (Flyball, 9, EV 98.8 MPH)
Batting: RHB Bento Sardinheiro 0-0: Ball
1-0: SINGLE (Groundball, 56S, EV 70.0 MPH) (infield hit)
Batting: RHB Craig Leslie 0-0: Ball
1-0: Swinging Strike
1-1: Called Strike
1-2: Ball
2-2: Strikes out looking
Top of the 4th over - 0 runs, 1 hit, 0 errors, 1 left on base; John's Island 0 - Spruce Grove 1
BOTTOM OF THE 4TH
Spruce Grove Eagles batting - Pitching for John's Island Sod Poodles : RHP Donald Crane
Batting: RHB Tom Paciorek 0-0: Ball
1-0: Called Strike
1-1: Foul Ball, location: 2F
1-2: Strikes out looking
Batting: LHB Jeff O'Neal 0-0: Called Strike
0-1: Ball
1-1: Called Strike
1-2: Ball
2-2: Ball
3-2: Base on Balls
Batting: LHB Rick Miller 0-0: Ball
1-0: Foul Ball, location: 2RF
1-1: Ball
2-1: Swinging Strike
2-2: Ball
3-2: Base on Balls
Jeff O'Neal to second
Batting: RHB Dennis Herrera 0-0: Called Strike
0-1: Foul Ball, location: 5F
0-2: Foul Ball, location: 9LDF
0-2: Ball
1-2: Strikes out looking
Batting: RHB Frank Taveras 0-0: Foul Ball, location: 5DF
0-1: Swinging Strike
0-2: Foul Ball, location: 2F
0-2: Ball
1-2: Ball
2-2: Ball
3-2: Foul Ball, location: 5F
3-2: Strikes out swinging
Bottom of the 4th over - 0 runs, 0 hits, 0 errors, 2 left on base; John's Island 0 - Spruce Grove 1
TOP OF THE 5TH
John's Island Sod Poodles batting - Pitching for Spruce Grove Eagles : RHP Ron Wright
Batting: RHB António Zumaya 0-0: Called Strike
0-1: Ball
1-1: Swinging Strike
1-2: Strikes out swinging
Batting: LHB John Milner 0-0: Ground out 5-3 (Groundball, 56, EV 88.8 MPH)
Batting: RHB Tom Price 0-0: Called Strike
0-1: Ball
1-1: Ball
2-1: Ball
3-1: Swinging Strike
3-2: Base on Balls
Batting: LHB Austin Williams 0-0: Ball
Wild Pitch!
Tom Price to second
1-0: Foul Ball, location: 2F
1-1: Swinging Strike
1-2: Ball
2-2: Strikes out swinging
Top of the 5th over - 0 runs, 0 hits, 0 errors, 1 left on base; John's Island 0 - Spruce Grove 1
BOTTOM OF THE 5TH
Spruce Grove Eagles batting - Pitching for John's Island Sod Poodles : RHP Donald Crane
Batting: SHB Randy Harris 0-0: Called Strike
0-1: Foul Ball, location: 2F
0-2: Strikes out looking
Batting: RHB Tony Bartlett 0-0: Swinging Strike
0-1: Called Strike
0-2: Fly out, F7 (Flyball, 7, EV 93.1 MPH)
Batting: SHB Fernando Rodríguez 0-0: Swinging Strike
0-1: Ball
1-1: Foul Ball, location: 2F
1-2: Ball
2-2: Ball
3-2: Foul Ball, location: 23F
3-2: Strikes out swinging
Bottom of the 5th over - 0 runs, 0 hits, 0 errors, 0 left on base; John's Island 0 - Spruce Grove 1
TOP OF THE 6TH
John's Island Sod Poodles batting - Pitching for Spruce Grove Eagles : RHP Ron Wright
Batting: RHB Steve Palmer 0-0: Called Strike
0-1: Fly out, F8 (Flyball, 8RD, EV 106.3 MPH)
Pitching: RHP Cale King
Pinch Hitting: RHB John Thompson 0-0: Ball
1-0: Ball
2-0: Fly out, F8 (Line Drive, 8RM, EV 95.0 MPH)
Batting: RHB Bill Oglethorpe 0-0: Ground out 5-3 (Groundball, 5S, EV 94.4 MPH)
Top of the 6th over - 0 runs, 0 hits, 0 errors, 0 left on base; John's Island 0 - Spruce Grove 1
BOTTOM OF THE 6TH
Spruce Grove Eagles batting - Pitching for John's Island Sod Poodles : RHP Donald Crane
Now at 3B: Benny Hutchins
Batting: LHB Artie Harper 0-0: Ball
1-0: Swinging Strike
1-1: Ball
2-1: Swinging Strike
2-2: Ball
3-2: Ground out U3 (Groundball, 3L, EV 98.1 MPH)
Batting: RHB Tom Paciorek 0-0: Ball
1-0: SINGLE (Line Drive, 56D, EV 103.8 MPH)
Batting: LHB Jeff O'Neal 0-0: Called Strike
0-1: Swinging Strike
0-2: Ball
1-2: Ball
2-2: Fly out, F8 (Flyball, 8LD, EV 88.1 MPH)
Batting: LHB Rick Miller 0-0: Ball
1-0: Ball
2-0: Swinging Strike
2-1: Called Strike
2-2: Ball
3-2: Ground out 4-3 (Groundball, 34, EV 88.1 MPH)
Bottom of the 6th over - 0 runs, 1 hit, 0 errors, 1 left on base; John's Island 0 - Spruce Grove 1
TOP OF THE 7TH
John's Island Sod Poodles batting - Pitching for Spruce Grove Eagles : RHP Cale King
Pitching: LHP Ronald Pierce
Batting: RHB Bento Sardinheiro 0-0: Ground out U3 (Groundball, 34S, EV 85.6 MPH)
Pinch Hitting: RHB Jim Ewing 0-0: Foul Ball, location: 5FF
0-1: Ball
1-1: Swinging Strike
1-2: Ball
2-2: Strikes out swinging
Batting: RHB António Zumaya 0-0: Called Strike
0-1: Ball
1-1: Foul Ball, location: 9LSF
1-2: Ball
2-2: Ball
3-2: Foul Ball, location: 2RF
3-2: Base on Balls
Pinch Hitting: RHB Matt Bower 0-0: Ball
1-0: Foul Ball, location: 2F
1-1: Swinging Strike
1-2: Strikes out looking
Top of the 7th over - 0 runs, 0 hits, 0 errors, 1 left on base; John's Island 0 - Spruce Grove 1
BOTTOM OF THE 7TH
Spruce Grove Eagles batting - Pitching for John's Island Sod Poodles : RHP Donald Crane
Pitching: LHP Mel Behney
Now in LF: Jim Ewing
Now in CF: Santiago Marino
Batting: RHB Dennis Herrera 0-0: Reached on error, E5 (Groundball, 56, EV 97.5 MPH)
Batting: RHB Frank Taveras 0-0: Ball
1-0: Ball
2-0: Ball
3-0: Called Strike
3-1: Called Strike
3-2: Fly out, F9 (Flyball, 9, EV 88.8 MPH)
Batting: SHB Randy Harris 0-0: Ball
1-0: Foul Ball, location: 2F
1-1: Foul Ball, location: 2F
1-2: Strikes out swinging
Batting: RHB Tony Bartlett 0-0: Foul Ball, location: 2F
0-1: Called Strike
0-2: Strikes out looking
Bottom of the 7th over - 0 runs, 0 hits, 1 error, 1 left on base; John's Island 0 - Spruce Grove 1
TOP OF THE 8TH
John's Island Sod Poodles batting - Pitching for Spruce Grove Eagles : LHP Ronald Pierce
Batting: RHB Tom Price 0-0: Called Strike
0-1: SINGLE (Groundball, 6D, EV 103.1 MPH)
Batting: RHB John Paul 0-0: Ball
1-0: Foul Ball, location: 9LSF
1-1: SINGLE (Line Drive, 7LS, EV 85.6 MPH)
Tom Price to second
Batting: RHB Steve Palmer 0-0: Called Strike
0-1: Foul Ball, location: 2F
0-2: Foul Ball, location: 25F
0-2: Ball
Wild Pitch!
Tom Price to third
John Paul to second
1-2: 3-RUN HOME RUN (Flyball, 89XD, EV 98.8 MPH), Distance : 404 ft
Batting: RHB Benny Hutchins 0-0: Ball
1-0: Ball
2-0: Swinging Strike
2-1: Foul Ball, location: 25F
2-2: Strikes out swinging
Batting: RHB Bill Oglethorpe 0-0: Ball
1-0: Ball
2-0: Swinging Strike
2-1: Fly out, F8 (Flyball, 8LD, EV 108.1 MPH)
Batting: RHB Bento Sardinheiro 0-0: Called Strike
0-1: Swinging Strike
0-2: Strikes out swinging
Top of the 8th over - 3 runs, 3 hits, 0 errors, 0 left on base; John's Island 3 - Spruce Grove 1
BOTTOM OF THE 8TH
Spruce Grove Eagles batting - Pitching for John's Island Sod Poodles : LHP Mel Behney
Pitching: RHP Chris Davis
Batting: SHB Fernando Rodríguez 0-0: Foul Ball, location: 2F
0-1: Foul Ball, location: 7LDF
0-2: Ball
1-2: Foul Ball, location: 2F
1-2: DOUBLE (Groundball, 3L, EV 103.1 MPH)
Batting: LHB Artie Harper 0-0: Called Strike
0-1: Ground out 4-3 (Groundball, 4, EV 104.4 MPH)
Fernando Rodríguez to third
Batting: RHB Tom Paciorek 0-0: SINGLE (Groundball, 56, EV 106.3 MPH)
Fernando Rodríguez scores
Batting: LHB Jeff O'Neal 0-0: Called Strike
0-1: Ball
1-1: Ball
2-1: Fly out, F8 (Flyball, 8RXD, EV 108.1 MPH)
Batting: LHB Rick Miller 0-0: Ball
1-0: Ball
2-0: Ball
3-0: Called Strike
3-1: Base on Balls
Tom Paciorek to second
Batting: RHB Dennis Herrera 0-0: Ball
1-0: Called Strike
1-1: Foul Ball, location: 23F
1-2: Foul Ball, location: 5F
1-2: Foul Ball, location: 2F
1-2: Ball
2-2: Ball
3-2: SINGLE (Groundball, 6MD, EV 100.6 MPH)
Tom Paciorek to third
Rick Miller to second
Tom Paciorek scores
Rick Miller to third
Batting: RHB Frank Taveras 0-0: Called Strike
0-1: Foul Ball, location: 25FF
0-2: Fly out, F8 (Flyball, 8RD, EV 88.8 MPH)
Bottom of the 8th over - 2 runs, 3 hits, 0 errors, 2 left on base; John's Island 3 - Spruce Grove 3
TOP OF THE 9TH
John's Island Sod Poodles batting - Pitching for Spruce Grove Eagles : LHP Ronald Pierce
Batting: RHB Jim Ewing 0-0: Swinging Strike
0-1: Called Strike
0-2: Ball
1-2: Foul Ball, location: 2F
1-2: Foul Ball, location: 25F
1-2: Ball
2-2: Ground out 5-3 (Groundball, 56S, EV 71.9 MPH)
Batting: RHB António Zumaya 0-0: Ball
1-0: Called Strike
1-1: Called Strike
1-2: Foul Ball, location: 2LF
1-2: Ball
2-2: Ball
3-2: SINGLE (Groundball, 2L, EV 68.8 MPH) (infield hit)
Batting: RHB Santiago Marino 0-0: Ball
1-0: Fielders Choice at 2nd, 5-4 (Groundball, 56, EV 94.4 MPH)
Batting: RHB Tom Price Pickoff Throw to First - Out! 1-3 CS
Top of the 9th over - 0 runs, 1 hit, 0 errors, 0 left on base; John's Island 3 - Spruce Grove 3
BOTTOM OF THE 9TH
Spruce Grove Eagles batting - Pitching for John's Island Sod Poodles : RHP Chris Davis
Batting: SHB Randy Harris 0-0: Called Strike
0-1: Ball
1-1: Foul Ball, location: 9LDF
1-2: Foul Ball, location: 7LMF
1-2: Ball
2-2: Ball
3-2: Foul Ball, location: 25F
3-2: Foul Ball, location: 23F
3-2: Ground out 4-3 (Groundball, 4, EV 86.3 MPH)
Batting: RHB Tony Bartlett 0-0: Foul Ball, location: 2F
0-1: Ball
1-1: Swinging Strike
1-2: DOUBLE (Flyball, 89D, EV 100.0 MPH)
Batting: SHB Fernando Rodríguez 0-0: Foul Ball, location: 2F
0-1: SINGLE (Groundball, 6MD, EV 97.5 MPH)
Tony Bartlett to third
Batting: LHB Artie Harper 0-0: Foul Ball, location: 7LMF
0-1: Foul Ball, location: 2F
0-2: Fielders Choice at 2nd, 1-6 (Groundball, 13S, EV 73.1 MPH)
Batting: RHB Tom Paciorek 0-0: Ball
1-0: Called Strike
1-1: Hit by Pitch
Artie Harper to second
Pitching: LHP Dick Rusteck
Batting: LHB Jeff O'Neal 0-0: Ball
1-0: Ball
2-0: Called Strike
2-1: SINGLE (Groundball, 4, EV 104.4 MPH)
Tony Bartlett scores
Bottom of the 9th over - 1 run, 3 hits, 0 errors, 2 left on base; John's Island 3 - Spruce Grove 4
Friday, February 23rd , 2024 - OOTP Baseball 24.8 Build 75